 Dungeon Crawl Stone Soup version 0.30-a0-596-g0af90f9a20 (webtiles) character file.

Game seed: 9264391110697703871

70 gelatine the Chopper (level 4, 0/34 HPs)
             Began as a Demonspawn Gladiator on Jan 6, 2023.
             Slain by Sigmund
             ... wielding a +0 scythe
              (5 damage)
             ... on level 2 of the Dungeon.
             The game lasted 00:02:29 (1337 turns).

gelatine the Chopper (Demonspawn Gladiator)         Turns: 1337, Time: 00:02:29

Health: 0/34       AC:  6    Str: 16    XL:     4   Next: 3%
Magic:  4/4        EV: 12    Int:  9    God:
Gold:   126        SH:  3    Dex: 15    Spells: 3/3 levels left

rFire   . . .      SeeInvis .    a - +0 war axe
rCold   . . .      Faith    .    d - +0 buckler
rNeg    . . .      Spirit   .    b - +0 leather armour
rPois   .          Reflect  .    c - +0 helmet
rElec   .          Harm     .    (no cloak)
rCorr   .          Rampage  .    (no gloves)
Will    .....                    (no boots)
Stlth   +                        (no amulet)
HPRegen 0.25/turn                (no ring)
MPRegen 0.09/turn                (no ring)

@: no status effects
A: yellow scales 1, powered by pain 1
a: no special abilities


You were on level 2 of the Dungeon.
You visited 1 branch of the dungeon, and saw 2 of its levels.

You collected 126 gold pieces.

Inventory:

Hand Weapons
 a - a +0 war axe (weapon)
Missiles
 e - a javelin (quivered)
Armour
 b - a +0 leather armour (worn)
 c - a +0 helmet (worn)
 d - a +0 buckler (worn)
Scrolls
 f - 4 scrolls of identify {unknown}
 g - 2 scrolls of teleportation {unknown}
Potions
 h - 2 potions of attraction {unknown}
 i - a potion of heal wounds {unknown}
 j - a potion of magic {unknown}


   Skills:
 + Level 2.3 Fighting
 + Level 3.5 Axes
 + Level 1.9 Throwing
 + Level 0.4 Armour
 + Level 3.3 Dodging
 + Level 0.1 Shields


You had 3 spell levels left.
You didn't know any spells.
Your spell library was empty.

Dungeon Overview and Level Annotations

Branches:
Dungeon (2/15)

Altars:

Annotations:
D:2 Sigmund


Innate Abilities, Weirdness & Mutations

You are partially covered in yellow scales. (AC +2)
You sometimes gain a little power by taking damage.


Message History

The dart slug is moderately wounded.
The dart slug launches a dart at you. The slug dart misses you.
You slash the dart slug!
You kill the dart slug!
You have reached level 4!
You feel agile.
Your demonic ancestry asserts itself...
Yellow scales grow over part of your body.
You see here a dart slug corpse.
An endoplasm comes into view.
You hit the endoplasm.
The endoplasm is almost dead.
The endoplasm barely misses you.
You completely miss the endoplasm.
The endoplasm is almost dead.
The endoplasm freezes you.
You are frozen.
The endoplasm hits you.
You slash the endoplasm!
You kill the endoplasm!
Found a sling.
You see here a +0 sling.
Sigmund the Dreaded comes into view.
He is wielding a +0 scythe and wearing a +1 robe of fire resistance.
Sigmund shouts!
Sigmund drinks a potion.
Sigmund seems to speed up.
A frilled lizard comes into view.
The frilled lizard hisses angrily.
Sigmund hits you from afar with a +0 scythe!
Sigmund hits you with a +0 scythe.
You hit Sigmund.
Sigmund is lightly wounded.
Sigmund closely misses you.
A rat comes into view.
You closely miss Sigmund.
Sigmund is lightly wounded.
Sigmund hits you with a +0 scythe! x2
* * * LOW HITPOINT WARNING * * *
You closely miss Sigmund.
Sigmund is lightly wounded.
Sigmund hits you with a +0 scythe.
You die...

#......#.##.##.# #####
#.#.#..#.##....## ....#
###########.#..............
###.#
#.............#..####....##
###.###.#########......####....#
.......#.# ##...#.........#
.##.###.## #...#######...# .##.#
### ########.## #...# ....#
#..l@@...# #...## #####
......##......# #..... # .r..#
#.#.##.#####....# # ... #.#.#
........... # . #.#..
........... ###
#.#.#............ ..#
#.#.##.###.#..).. #.# #.... .#
#.#..... #.# #######.# #.#...#.


You could see Sigmund (fast), a frilled lizard and a rat.

Vanquished Creatures
  2 adders (D:2)
  A worm (D:2)
  3 dart slugs
  7 bats
  5 endoplasms
  3 hobgoblins (D:1)
  4 quokkas
  3 ball pythons
  3 frilled lizards (D:1)
  4 goblins
  3 kobolds (D:1)
  7 rats
45 creatures vanquished.

Notes
Turn   | Place    | Note
-------+----------+-------------------------------------------
     0 | D:1      | gelatine the Demonspawn Gladiator began the quest for the
                  | Orb.
     0 | D:1      | Reached XP level 1. HP: 16/16 MP: 1/1
   115 | D:1      | Gained mutation: You sometimes gain a little power by
                  | taking damage. [demonic ancestry]
   115 | D:1      | Reached XP level 2. HP: 22/22 MP: 2/2
   721 | D:1      | Reached XP level 3. HP: 27/27 MP: 3/3
  1215 | D:2      | Gained mutation: You are partially covered in yellow
                  | scales. (AC +2) [demonic ancestry]
  1215 | D:2      | Reached XP level 4. HP: 29/34 MP: 4/4
  1331 | D:2      | Noticed Sigmund
  1337 | D:2      | Slain by Sigmund

Illustrated notes

Levels and vault maps discovered:
D:1:      psy_arrival_spokes, layout_loops_cross, minmay_tetromino_t2
D:2:      layout_loops_cross, uniq_sigmund

Skill      XL: |  1  2 |
---------------+-------+-----
Axes           | 3 |  3.5
Dodging        | 3 |  3.3
Fighting       | |  2.3
Throwing       | |  1.9
Armour         | |  0.4
Shields        | |  0.1

Action                   |  1- 3 |  4- 6 || total
-------------------------+-------+-------++-------
Melee: War axe           |    96 |     6 ||   102
Throw: Throwing net      |     3 |       ||     3
       Javelin           |     3 |       ||     3
 Stab: Sleeping          |     1 |       ||     1
Armor: Leather armour    |    40 |       ||    40
Dodge: Dodged            |    80 |     2 ||    82
Block: Buckler           |     5 |       ||     5

Table legend: (Time is in decaauts)
 A = Elapsed time spent in this place.
 B = Non-inter-level travel time spent in this place.
 C = Inter-level travel time spent in this place.
 D = Time resting spent in this place.
 E = Time spent auto-exploring this place.
 F = Levels seen in this place.
 G = Mean time per level.
                   A        B        C        D        E       F      G
               +--------+--------+--------+--------+--------+-----+--------+
         Total |   1377 |   1334 |     43 |      0 |    995 |   2 |  688.5 |
       Dungeon |   1377 |   1334 |     43 |      0 |    995 |   2 |  688.5 |
               +--------+--------+--------+--------+--------+-----+--------+

Top non-repeatable levels by time:
     D:1: 861 daAuts
     D:2: 516 daAuts
